 Dungeon Crawl Stone Soup version 0.30-a0-359-gd0147acb1a (webtiles) character file.

Game seed: 3553256917593189642

39 oldriver the Grave Robber (level 3, -3/27 HPs)
             Began as a Mummy Necromancer on Nov 12, 2022.
             Killed from afar by Terence (15 damage)
             ... with a puff of flame
             ... on level 2 of the Dungeon.
             The game lasted 00:02:15 (1743 turns).

oldriver the Grave Robber (Mummy Necromancer)       Turns: 1743, Time: 00:02:16

Health: -3/27      AC:  2    Str: 11    XL:     3   Next: 28%
Magic:  2/7        EV: 11    Int: 16    God:
Gold:   71         SH:  5    Dex: 12    Spells: 7/8 levels left

rFire   x . .      SeeInvis .    (no weapon)
rCold   + . .      Faith    +    e - +2 buckler
rNeg    + + +      Spirit   .    a - +0 robe
rPois   ∞          Reflect  .    (no helmet)
rElec   .          Harm     .    (no cloak)
rCorr   .          Rampage  .    (no gloves)
Will    .....                    (no boots)
Stlth   ++........               (no amulet)
HPRegen 0.24/turn                (no ring)
MPRegen 0.10/turn                (no ring)

@: no status effects
A: cold resistance 1, negative energy resistance 3, torment resistance 2, heat
vulnerability 1, in touch with death 1, no potions, faith
a: no special abilities


You were on level 2 of the Dungeon.
You visited 1 branch of the dungeon, and saw 2 of its levels.

You collected 71 gold pieces.

Inventory:

Armour
 a - a +0 robe (worn)
 e - a +2 buckler (worn)
Scrolls
 b - a scroll of enchant armour {unknown}
 c - 3 scrolls of teleportation {unknown}
 d - 2 scrolls of identify {unknown}
 f - a scroll of amnesia {unknown}
 g - a scroll of blinking {unknown}
 h - a scroll of brand weapon {unknown}


   Skills:
 * Level 2.0 Fighting
 - Level 1.5 Dodging
 - Level 1.5 Stealth
 + Level 3.3 Spellcasting
 + Level 4.3 Necromancy


You had 7 spell levels left.
You knew the following spells:

 Your Spells              Type           Power      Damage    Failure   Level
a - Necrotise             Necr           96%        1d8       4%          1

Your spell library contained the following spells:

 Spells                   Type           Power      Damage    Failure   Level
 Vampiric Draining        Necr           24%        2d7       13%         3
 Ensorcelled Hibernation  Hex/Ice        4%         N/A       36%         2
 Passwall                 Tmut/Erth      1%         N/A       36%         2
 Animate Dead             Necr           24%        N/A       38%         4
 Swiftness                Air            2%         N/A       58%         3
 Agony                    Necr           24%        N/A       75%         5


Dungeon Overview and Level Annotations

Branches:
Dungeon (2/15)

Altars:
Wu Jian

Annotations:
D:2 Terence


Innate Abilities, Weirdness & Mutations

You are immune to poison.
Your flesh is cold resistant. (rC+)
You are immune to negative energy. (rN+++)
You are immune to unholy pain and torment.
You are vulnerable to heat. (rF-)
You are in touch with the powers of death.
You do not drink.
You have a special connection with the divine. (Faith)


Message History

There is an open door here.
Terence and a goblin come into view.
Terence is wielding a +0 trident and carrying a wand of flame (12).
There are monsters nearby!
Search for what [Enter for "arte", or ? for help]? robe
There is an open door here.
Okay, then.
There is a stone staircase leading down here.
There is a large open door here.
You can't see any susceptible monsters within range! (Use Z to cast anyway.)
You open the door.
The goblin shouts!
There is an open door here.
You feel a surge of power!
The goblin writhes in agony!
You kill the goblin!
Terence shouts!
The dead are walking!
You can't see any susceptible monsters within range! (Use Z to cast anyway.)
There is an open door here.
You feel a surge of power!
Terence writhes in agony!
Terence barely misses you.
You feel a surge of power!
Terence writhes in agony.
You block Terence's attack.
You feel a surge of power!
Terence writhes in agony.
Your goblin skeleton closely misses Terence.
Terence zaps a wand.
The puff of flame hits you! The fire burns you terribly!
Ouch! That really hurt!
You are too injured to fight recklessly!
You are too injured to fight recklessly!
Unknown command.
You are too injured to fight recklessly!
You are too injured to fight recklessly!
Casting: Necrotise (safe; 4% risk of failure)
Confirm with . or Enter, or press ? or * to list all spells.
Aiming: Necrotise (safe; 4% risk of failure)
Press: ? - help, Shift-Dir - straight line, f/p - Terence
Aim: Terence, wielding a +0 trident, wearing a +0 scale mail and carrying a wand of flame (11) (almost dead, ally target, chance to affect: 88%)
You feel a surge of power!
Terence barely resists.
Terence zaps a wand.
The puff of flame hits you! The fire burns you terribly!
Ouch! That really hurt!
You die...

##..............#
##..............###'####
....##+###......#............#
....##. #......#.)..........#
....##.###......#............#
....# ..##......#............#
....# #.##......#............#
....# #.##......#.Z..........#
....###..#......@.@.$........#
...............##............#
...........[..)# ##+####'#####
###........†'######.# #.#
#........#......#.# #.#
#........#......#.# #.#
##########......#.# ##.#
#......#.###..#
#........##..##


You could see Terence (ally target) and a friendly goblin skeleton.

Vanquished Creatures
  3 endoplasms
  A giant cockroach (D:2)
  4 goblins
  3 jackals (D:2)
  A quokka (D:1)
  8 ball pythons
  6 bats
  2 frilled lizards
  6 kobolds
34 creatures vanquished.

Vanquished Creatures (collateral kills)
  A kobold (D:1)
  A rat (D:1)
2 creatures vanquished.

Grand Total: 36 creatures vanquished

Notes
Turn   | Place    | Note
-------+----------+-------------------------------------------
     0 | D:1      | oldriver the Mummy Necromancer began the quest for the Orb.
     0 | D:1      | Reached XP level 1. HP: 13/13 MP: 4/4
   308 | D:1      | Reached skill level 1 in Fighting
   308 | D:1      | Reached XP level 2. HP: 19/21 MP: 1/6
  1097 | D:2      | Found an ornate altar of the Wu Jian Council.
  1143 | D:2      | Gained mutation: You are in touch with the powers of death.
                  | [Mummy growth]
  1143 | D:2      | Reached XP level 3. HP: 27/27 MP: 5/7
  1360 | D:2      | Identified the +2 leather armour of the Dwarven Hall {MP-9
                  | Dex+4}
  1379 | D:2      | Noticed Terence
  1743 | D:2      | Killed from afar by Terence

Illustrated notes

Levels and vault maps discovered:
D:1:      matt_arrival_refuge, layout_loops_ring, serial_forest,
          infiniplex_forest_lined_corner, infiniplex_forest_lined_4_way,
          infiniplex_forest_lined_2, infiniplex_forest_straight_2,
          infiniplex_forest_join, infiniplex_forest_clump_cross,
          infiniplex_forest_lined_2
D:2:      layout_basic, basic_altar, uniq_terence

Skill      XL: |  1  2  3 |
---------------+----------+-----
Fighting       | 1 2 |  2.0
Spellcasting   | 3 |  3.3
Dodging        | |  1.5
Stealth        | |  1.5
Necromancy     | |  4.3

Action                   || total
-------------------------++-------
Melee: Unarmed           ||     2
 Cast: Necrotise         ||    56
Armor: Robe              ||     7
Dodge: Dodged            ||    16
Block: Buckler           ||     3

Table legend: (Time is in decaauts)
 A = Elapsed time spent in this place.
 B = Non-inter-level travel time spent in this place.
 C = Inter-level travel time spent in this place.
 D = Time resting spent in this place.
 E = Time spent auto-exploring this place.
 F = Levels seen in this place.
 G = Mean time per level.
                   A        B        C        D        E       F      G
               +--------+--------+--------+--------+--------+-----+--------+
         Total |   1743 |   1656 |     87 |     47 |   1343 |   2 |  871.5 |
       Dungeon |   1743 |   1656 |     87 |     47 |   1343 |   2 |  871.5 |
               +--------+--------+--------+--------+--------+-----+--------+

Top non-repeatable levels by time:
     D:1: 1209 daAuts
     D:2: 534 daAuts
